 Dungeon Crawl Stone Soup version 0.30-a0-595-g91969c0fa5 (webtiles) character file.

Game seed: 611207501989506779

28 Leeroy the Ruffian (level 2, 0/23 HPs)
             Began as a Draconian Transmuter on Jan 6, 2023.
             Frozen to death by an endoplasm (3 damage)
             ... on level 2 of the Dungeon.
             The game lasted 00:01:59 (1085 turns).

Leeroy the Ruffian (Draconian Transmuter)           Turns: 1085, Time: 00:02:00

Health: 0/23       AC:  4    Str: 12    XL:     2   Next: 96%
Magic:  5/5        EV: 12    Int: 13    God:
Gold:   30         SH:  0    Dex: 11    Spells: 4/5 levels left

rFire   . . .      SeeInvis .      - Unarmed
rCold   . . .      Faith    .    (no shield)
rNeg    . . .      Spirit   .    (body armour unavailable)
rPois   .          Reflect  .    (helmet restricted)
rElec   .          Harm     .    (no cloak)
rCorr   .          Rampage  .    (no gloves)
Will    .....                    (no boots)
Stlth   +                        (no amulet)
HPRegen 0.23/turn                (no ring)
MPRegen 0.09/turn                (no ring)

@: slowed, very slow
A: AC +4, unfitting armour, cold-blooded
a: no special abilities


You were on level 2 of the Dungeon.
You visited 1 branch of the dungeon, and saw 2 of its levels.

You collected 30 gold pieces.

Inventory:

Jewellery
 k - a ring of magical power
Scrolls
 b - a scroll of blinking {unknown}
 g - a scroll of poison {unknown}
 h - a scroll of teleportation {unknown}
 i - a scroll of brand weapon {unknown}
Potions
 a - a potion of lignification
 c - a potion of curing {unknown}
 d - a potion of mutation {unknown}
 e - a potion of flight {unknown}
 f - a potion of magic {unknown}
 j - a potion of heal wounds {unknown}
 l - 2 potions of brilliance {unknown}


   Skills:
 - Level 1.1 Fighting
 - Level 1.7 Dodging
 + Level 4.2 Unarmed Combat
 - Level 2.0 Spellcasting
 - Level 2.0 Transmutations


You had 4 spell levels left.
You knew the following spells:

 Your Spells              Type           Power      Damage    Failure   Level
a - Beastly Appendage     Tmut           12%        N/A       11%         1

Your spell library contained the following spells:

 Spells                   Type           Power      Damage    Failure   Level
 Wereblood                Tmut           6%         N/A       17%         2
 Spider Form              Tmut/Pois      3%         N/A       45%         3
 Ice Form                 Ice/Tmut       3%         N/A       86%         4


Dungeon Overview and Level Annotations

Branches:
Dungeon (2/15)

Altars:


Innate Abilities, Weirdness & Mutations

Your plain brown scales are hard. (AC +4)
You cannot fit into any form of body armour.
You are cold-blooded and may be slowed by cold attacks.


Message History

The kobold hits you with a +0 dagger.
You closely miss the kobold.
The frilled lizard completely misses you.
The kobold hits you but does no damage. The endoplasm completely misses you.
You hit the kobold but do no damage.
Your tail-slap misses the kobold.
The endoplasm barely misses you. The frilled lizard bites you.
The kobold hits you with a +0 dagger.
You hit the kobold but do no damage. The endoplasm closely misses you.
The frilled lizard barely misses you. The kobold hits you with a +0 dagger.
You barely miss the kobold. The endoplasm closely misses you.
The frilled lizard bites you. The kobold hits you but does no damage.
You are too injured to fight recklessly!
You are too injured to fight recklessly!
You are too injured to fight recklessly!
You hit the endoplasm but do no damage. The frilled lizard bites you.
The endoplasm closely misses you. The kobold closely misses you.
You hit the frilled lizard but do no damage.
The endoplasm hits you. The kobold misses you.
The frilled lizard closely misses you.
You hit the frilled lizard.
You kill the frilled lizard!
The kobold hits you but does no damage. The endoplasm freezes you.
You are frozen.
* * * LOW HITPOINT WARNING * * *
You feel yourself slow down. The kobold hits you but does no damage.
There is an open door here.
You hit the kobold.
You kill the kobold!
The endoplasm freezes you.
You are frozen.
* * * LOW HITPOINT WARNING * * *
You feel as though you will be slow longer.
You are too injured to fight recklessly!
You hit the endoplasm but do no damage. You tail-slap the endoplasm.
The endoplasm is severely wounded.
The endoplasm freezes you.
You are frozen.
You die...

###..#.......#.#..
.....#####.....#.#######
##...#<...(#.#...#.....#
#.........#.###)#.....#
#...............#.....#
###.#####.##.###.#.....#
..#......†.......#.....#
#.#######.##.###.J######
#.##......##.#
#@........
#.##.#######.#
###.#.#### #.##.# #.#
...# #....# #.. .###
#.#### #.# ## ### ###


You could see an endoplasm.

Vanquished Creatures
  A dart slug (D:1)
  4 ball pythons
  An endoplasm (D:2)
  A giant cockroach (D:1)
  4 hobgoblins (D:1)
  A quokka (D:1)
  2 bats
  2 frilled lizards
  A goblin (D:2)
  7 kobolds
  2 rats (D:1)
26 creatures vanquished.

Notes
Turn   | Place    | Note
-------+----------+-------------------------------------------
     0 | D:1      | Leeroy the Draconian Transmuter began the quest for the
                  | Orb.
     0 | D:1      | Reached XP level 1. HP: 16/16 MP: 3/3
   221 | D:1      | Reached XP level 2. HP: 23/23 MP: 5/5
   351 | D:1      | Found a faded altar of an unknown god.
   947 | D:2      | Reached skill level 4 in Unarmed Combat
  1085 | D:2      | Frozen to death by an endoplasm

Illustrated notes

Levels and vault maps discovered:
D:1:      tarquinn_simple_flora_water_d, layout_basic, serial_glass,
          glass_columns_a, glass_columns_a, glass_columns_b, glass_columns_c,
          glass_columns_c, glass_columns_b, glass_columns_a, glass_columns_a,
          shapermc_ecumenical_altar_starsandcircs
D:2:      layout_basic, minmay_3d_cube

Skill      XL: |  1  2 |
---------------+-------+-----
Unarmed Combat | 4 |  4.2
Fighting       | |  1.1
Dodging        | |  1.7
Spellcasting   | |  2.0
Transmutations | |  2.0

Action                   || total
-------------------------++-------
Melee: Unarmed           ||    77
       Tailslap          ||    15
       Kick              ||     1
       Headbutt          ||     1
       Punch             ||     2
 Cast: Beastly Appendage ||     4
 Stab: Sleeping          ||     1
Armor: Skin              ||    26
Dodge: Dodged            ||    52

Table legend: (Time is in decaauts)
 A = Elapsed time spent in this place.
 B = Non-inter-level travel time spent in this place.
 C = Inter-level travel time spent in this place.
 D = Time resting spent in this place.
 E = Time spent auto-exploring this place.
 F = Levels seen in this place.
 G = Mean time per level.
                   A        B        C        D        E       F      G
               +--------+--------+--------+--------+--------+-----+--------+
         Total |   1082 |   1060 |     22 |      0 |    877 |   2 |  541.0 |
       Dungeon |   1082 |   1060 |     22 |      0 |    877 |   2 |  541.0 |
               +--------+--------+--------+--------+--------+-----+--------+

Top non-repeatable levels by time:
     D:1: 949 daAuts
     D:2: 132 daAuts
